 Dungeon Crawl Stone Soup version 0.29-a0-364-g921d912d32 (webtiles) character file.

Game seed: 10576728582285747070

22601 Shayle the Covert (level 13, 0/70 (84) HPs)
             Began as a Tengu Brigand on Apr 30, 2022.
             Was a Priest of Ashenzari.
             Slain by a spectral orc
             ... wielding a +0 whip
             ... summoned by Nergalle
              (1 damage)
             ... on level 2 of the Lair of Beasts.
             The game lasted 00:54:10 (18950 turns).

Shayle the Covert (Tengu Brigand)                  Turns: 18950, Time: 00:54:11

HP:   0/70 (84)     AC: 10    Str: 12    XL:     13   Next: 1%
MP:   27/27         EV: 20    Int: 17    God:    Ashenzari [***...]
Gold: 1230          SH:  7    Dex: 15    Spells: 16/30 levels left

rFire   . . .      SeeInvis +   p - +8 trident of the Baleful God {freeze, SInv}
rCold   . . .      Faith    .   U - +2 buckler of the Curse-Bearer {Elem, Self} (curse)
rNeg    . . .      Spirit   .   B - +0 ring mail
rPois   .          Reflect  .   (helmet restricted)
rElec   .          Harm     .   c - +0 cloak
rCorr   .          Rampage  .   v - +2 pair of gloves of the Fated Servitude {Alch, Bglg} (curse)
Will    +....      Clarity  +   (boots unavailable)
Stlth   +++.......              (no amulet)
HPRegen 0.21/turn               i - ring of the Elysian Seer {EV+4, Melee, Elem} (curse)
MPRegen 0.20/turn               F - ring of Ashenzari's Oracle {Will+, Comp, Self} (curse)

@: flying quickly and evasively, heavily drained, quick
A: beak, talons 3, nimble flight
a: Renounce Religion, Curse Item, Shatter the Chains


You were on level 2 of the Lair of Beasts.
You worshipped Ashenzari.
Ashenzari was most pleased with you.
You visited 3 branches of the dungeon, and saw 15 of its levels.

You collected 1230 gold pieces.

Inventory:

Hand Weapons
 h - a +1 hand axe of distortion
 p - the +8 trident of the Baleful God (weapon) {freeze, SInv}
   (You found it on level 2 of the Dungeon)

   It freezes those it strikes, dealing additional cold damage.
   It can also slow down cold-blooded creatures.
   SInv:      It lets you see invisible.
 O - a +5 short sword of draining
Missiles
 d - 12 poisoned darts (quivered)
Armour
 c - a +0 cloak (worn)
 v - the cursed +2 pair of gloves of the Fated Servitude (worn) {Alch, Bglg}
   (You found it on level 3 of the Dungeon)

   It has a curse which improves the following skills: Alchemy: Poison Magic and
   Transmutations.
   Beguiling: Conjurations, Hexes and Translocations.
 B - a +0 ring mail (worn)
 U - the cursed +2 buckler of the Curse-Bearer (worn) {Elem, Self}
   (You took it off a gnoll sergeant on level 10 of the Dungeon)

   It has a curse which improves the following skills: Elements: Fire Magic, Ice
   Magic, Air Magic and Earth Magic.
   Introspection: Fighting and Spellcasting.
Magical Staves
 m - a staff of death
Jewellery
 b - an amulet of reflection
 f - a ring of poison resistance
 i - the cursed ring of the Elysian Seer (left hand) {EV+4, Melee, Elem}
   (You found it on level 1 of the Dungeon)

   [ring of evasion]

   EV:        It affects your evasion (+4).
   It has a curse which improves the following skills: Melee Combat: Short
   Blades, Long Blades, Axes, Maces & Flails, Polearms, Staves and Unarmed
   Combat.
   Elements:  Fire Magic, Ice Magic, Air Magic and Earth Magic.
 F - the cursed ring of Ashenzari's Oracle (right hand) {Will+, Comp, Self}
   (You found it on level 4 of the Dungeon)

   [ring of willpower]

   Will:      It increases your willpower.
   It has a curse which improves the following skills: Companions: Summonings
   and Necromancy.
   Introspection: Fighting and Spellcasting.
 V - a ring of willpower
Wands
 a - a wand of polymorph (5)
 q - a wand of mindburst (18)
 y - a wand of digging (12)
 C - a wand of charming (2)
 L - a wand of iceblast (4)
Scrolls
 g - 4 scrolls of amnesia
 o - a scroll of fear
 s - 2 scrolls of magic mapping
 E - 3 scrolls of immolation
 I - 2 scrolls of teleportation
 M - 2 scrolls of vulnerability
 N - a scroll of blinking
 T - 2 scrolls of holy word
Potions
 j - 2 potions of brilliance
 k - 2 potions of curing
 l - 2 potions of haste
 t - 3 potions of lignification
 z - a potion of invisibility
 D - a potion of resistance
 H - a potion of might
 K - 2 potions of magic
 Q - 4 potions of mutation
 R - a potion of berserk rage
 S - a potion of cancellation
Miscellaneous
 n - a condenser vane (inert)


   Skills:
 + Level 8.6(11.1) Fighting
 - Level 2.1(3.4) Short Blades
 + Level 7.3(9.0) Polearms
 - Level 2.0 Throwing
 + Level 4.6 Armour
 - Level 7.8 Dodging
 - Level 8.7 Stealth
 - Level 4.0 Shields
 - Level 6.6(9.1) Spellcasting
 - Level 3.2(4.6) Conjurations
 - Level 1.9(3.1) Hexes
 + Level 4.7(6.2) Necromancy
 - Level 0.2(0.6) Translocations
 + Level 4.2(5.7) Transmutations
 - Level 5.4(7.8) Fire Magic
 - Level 2.0(3.8) Ice Magic
 - Level 6.7(9.2) Air Magic
 + Level 3.7(5.9) Earth Magic
 - Level 2.4(3.7) Poison Magic


You had 16 spell levels left.
You knew the following spells:

 Your Spells              Type           Power      Damage    Failure   Level
a - Wereblood             Tmut           27%        N/A       3%          2
b - Sublimation of Blood  Necr           29%        N/A       3%          2
c - Yara's Violent Unrav  Hex/Tmut       11%        3d6       75%         5
d - Borgnjor's Vile Clut  Necr/Erth      14%        N/A       52%         5

Your spell library contained the following spells:

 Spells                   Type           Power      Damage    Failure   Level
 Sandblast                Erth           56%        2d13      2%          1
 Passwall                 Tmut/Erth      22%        N/A       3%          2
 Stone Arrow              Conj/Erth      50%        3d10      9%          3
 Animate Dead             Necr           14%        N/A       21%         4
 Confusing Touch          Hex            18%        N/A       22%         3
 Tukima's Dance           Hex            18%        N/A       22%         3
 Passage of Golubria      Tloc           9%         N/A       90%         4
 Death Channel            Necr           14%        N/A       97%         6
 Enfeeble                 Hex            9%         N/A       100%        7
 Summon Hydra             Summ           4%         N/A       100%        7


Dungeon Overview and Level Annotations

Branches:
Dungeon (12/15)            Temple (1/1) D:4            Lair (2/6) D:10
    Orc (0/2) D:11
  Swamp: Lair:2-4    Shoals: Lair:2-4     Snake: Lair:2-4    Spider: Lair:2-4

Altars:
Ashenzari
Cheibriados
Dithmenos
Elyvilon
Fedhas
Gozag
Hepliaklqana
Kikubaaqudgha
Makhleb
Nemelex Xobeh
Okawaru
Qazlal
Ru
Sif Muna
Trog
Uskayaw
Vehumet
Xom
Yredelemnul
Zin
The Shining One

Shops:
D:1 (   D:2 (   D:4 (   D:5 *

Annotations:
Lair:2 Nergalle


Innate Abilities, Weirdness & Mutations

You have a beak for a mouth.
You have claws for feet.
Your magical nature lets you fly swiftly and evasively.


Message History

The spectral orc closely misses you.
You hit Nergalle. You freeze Nergalle. You claw Nergalle, but do no damage.
Nergalle is severely wounded.
The spectral orc knight hits you but does no damage.
The spectral orc warrior hits you from afar with a +0 trident!
* * * LOW HITPOINT WARNING * * *
The spectral orc knight barely misses you.
You block Nergalle's attack.
Okay, then.
You puncture Nergalle! You freeze Nergalle.
You claw Nergalle, but do no damage.
Nergalle is almost dead.
Nergalle looks more healthy.
You block the spectral orc's attack.
The spectral orc warrior hits you with a +0 dire flail.
* * * LOW HITPOINT WARNING * * *
You feel drained.
* * * LOW HITPOINT WARNING * * *
The spectral orc knight misses you.
You block the spectral orc knight's attack.
The spectral orc warrior hits you but does no damage.
Nergalle gestures at the spectral orc knight while chanting.
The spectral orc knight seems to speed up.
Okay, then.
You hit Nergalle but do no damage. Your kick misses Nergalle.
Nergalle is almost dead.
The spectral orc knight hits you with a +3 dire flail of protection.
* * * LOW HITPOINT WARNING * * *
The spectral orc completely misses you.
The spectral orc warrior completely misses you.
The spectral orc knight closely misses you.
The spectral orc warrior misses you.
Nergalle casts a spell at the spectral orc.
The spectral orc seems to speed up.
The spectral orc knight closely misses you.
Okay, then.
Clouds of freezing vapour condense around you!
The condenser dries out!
The spectral orc is engulfed in freezing vapours.
The spectral orc hits you with a +0 whip.
You die...

########................#..##.#.#
# #...<...<......)........... #
#.......................... #
##..P#####P.......####.#### #
##.### #P(............... # ###
#..## ####(....P..........
###P####..####§##§§...#..........
..............§ZoZ§§...####+..##P
..............§Z@ZZ§.............
.#.#.###.##.#####§§§.#######.###.
###### ##.### ###### ## ###


You could see Nergalle, a spectral orc (summoned, fast), 2 spectral orc warriors
and 2 spectral orc knights.

Vanquished Creatures
  A centaur warrior (D:9)
  A two-headed ogre (D:9)
  A tengu warrior (D:9)
  A deep elf pyromancer (D:12)
  A cyclops (D:11)
  A manticore (D:11)
  Maurice (D:8)
  2 black mambas (Lair:1)
  2 gargoyles (D:12)
  4 cane toads
  6 komodo dragons
  A kobold demonologist (D:10)
  4 trolls
  A hornet (D:8)
  A polar bear (Lair:2)
  5 blink frogs (Lair:2)
  5 wyverns
  23 yaks
  A vampire (D:10)
  2 basilisks (Lair:1)
  3 steam dragons
  7 vampire mosquitoes
  4 wargs (D:11)
  3 acid dragons
  8 water moccasins
  A sky beast (D:8)
  An ice beast (D:6)
  2 orc warriors
  3 black bears
  An ogre (D:5)
  9 wolves
  4 centaurs
  A phantom (D:5)
  2 kobold brigands
  2 scorpions (D:6)
  8 bullfrogs
  A necrophage (D:6)
  2 gnoll sergeants (D:10)
  18 wights
  10 killer bees
  5 howler monkeys
  2 jellies
  6 hounds
  7 orc priests
  2 gnoll shamans
  6 iguanas
  10 orc wizards
  25 gnolls
  7 adders
  5 white imps
  2 worms (D:2)
  2 dart slugs
  25 orcs
  4 ball pythons
  9 endoplasms
  5 giant cockroaches
  5 goblins
  8 hobgoblins
  19 jackals
  7 bats
  3 frilled lizards
  19 kobolds
  7 rats
  A butterfly (D:4)
345 creatures vanquished.

Vanquished Creatures (others)
  5 fungi
  19 plants
24 creatures vanquished.

Grand Total: 369 creatures vanquished

Notes
Turn   | Place    | Note
-------+----------+-------------------------------------------
     0 | D:1      | Shayle the Tengu Brigand began the quest for the Orb.
     0 | D:1      | Reached XP level 1. HP: 12/12 MP: 2/2
    53 | D:1      | Reached XP level 2. HP: 11/17 MP: 3/3
   446 | D:1      | Reached skill level 1 in Spellcasting
   446 | D:1      | Reached XP level 3. HP: 19/22 MP: 5/5
   554 | D:1      | Found Uluorch's Weapon Boutique.
   802 | D:1      | Found a faded altar of an unknown god.
   992 | D:2      | Reached XP level 4. HP: 17/27 MP: 5/7
  1784 | D:2      | Identified the +8 trident of the Baleful God {freeze, SInv}
  1876 | D:2      | Gained mutation: Your magical nature lets you fly swiftly
                  | and evasively. [Tengu growth]
  1876 | D:2      | Reached XP level 5. HP: 26/32 MP: 8/8
  2103 | D:2      | Found Pogec's Antique Weapon Shoppe.
  2462 | D:3      | Found a basalt altar of Yredelemnul.
  2547 | D:3      | Reached skill level 5 in Stealth
  2735 | D:3      | Found a hide-covered altar of Uskayaw.
  2755 | D:3      | Found an iron altar of Okawaru.
  3015 | D:3      | You are sucked into a shaft and drop 3 floors!
  3028 | D:6      | Noticed an ice beast
  3059 | D:6      | Reached XP level 6. HP: 30/37 MP: 10/10
  3067 | D:6      | Noticed a water moccasin
  3075 | D:6      | Killed a water moccasin
  3129 | D:5      | Entered Level 5 of the Dungeon
  3240 | D:5      | Reached XP level 7. HP: 29/43 MP: 12/12
  3537 | D:4      | Found a staircase to the Ecumenical Temple.
  3543 | Temple   | Entered the Ecumenical Temple
  3544 | Temple   | Upgraded the game from 0.29-a0-362-g5854e031c7 to
                  | 0.29-a0-364-g921d912d32
  3634 | Temple   | Became a worshipper of Ashenzari the Shackled
  4334 | D:4      | Reached skill level 1 in Shields
  4566 | D:4      | Found Voemunuc's Weapon Boutique.
  4799 | D:5      | Found Sewkon Bepo's Mass Market.
  5070 | D:5      | Reached XP level 8. HP: 39/48 MP: 14/14
  5593 | D:5      | Reached skill level 5 in Fighting
  5593 | D:5      | Reached skill level 5 in Dodging
  6415 | D:6      | Reached skill level 1 in Air Magic
  6422 | D:6      | Reached skill level 1 in Polearms
  6422 | D:6      | Reached skill level 1 in Fire Magic
  6423 | D:6      | Reached XP level 9. HP: 29/54 MP: 16/16
  7707 | D:7      | Found a bloodstained altar of Trog.
  7765 | D:7      | Reached skill level 5 in Spellcasting
  8054 | D:7      | Found a radiant altar of Vehumet.
  8319 | D:7      | Noticed a green ugly thing
  8366 | D:7      | Reached XP level 10. HP: 41/60 MP: 18/18
  9230 | D:8      | Noticed Maurice
  9239 | D:8      | HP: 2/55 [Maurice/+5 short sword of draining (1)]
  9241 | D:8      | Killed Maurice
  9432 | D:8      | Found a shadowy altar of Dithmenos.
  9466 | D:8      | Reached skill level 5 in Air Magic
  9766 | D:8      | Found a sacrificial altar of Ru.
  9964 | D:8      | Found a blossoming altar of Fedhas.
 10097 | D:9      | Noticed a centaur warrior
 10113 | D:9      | Killed a centaur warrior
 10323 | D:9      | Reached * piety under Ashenzari
 10333 | D:9      | Identified the +7 hand crossbow of Xabbol {venom, MP+9}
 10510 | D:9      | Noticed a tengu warrior
 10541 | D:9      | Killed a tengu warrior
 10542 | D:9      | Reached skill level 1 in Conjurations
 10923 | D:9      | Reached XP level 11. HP: 66/66 MP: 21/21
 11014 | D:9      | Reached ** piety under Ashenzari
 11183 | D:9      | Noticed a two-headed ogre
 11214 | D:9      | Killed a two-headed ogre
 11215 | D:9      | Reached skill level 1 in Transmutations
 11215 | D:9      | Reached skill level 1 in Ice Magic
 11215 | D:9      | Reached skill level 1 in Poison Magic
 11389 | D:10     | Entered Level 10 of the Dungeon
 11768 | D:10     | HP: 3/68 [poisoned by an orc wizard]
 12120 | D:10     | Reached skill level 1 in Earth Magic
 12139 | D:10     | Reached skill level 1 in Hexes
 12224 | D:10     | Reached skill level 5 in Polearms
 12583 | D:10     | Reached skill level 5 in Fire Magic
 13387 | D:10     | Found a staircase to the Lair.
 13477 | Lair:1   | Entered Level 1 of the Lair of Beasts
 13532 | Lair:1   | Reached *** piety under Ashenzari
 14023 | D:10     | Learned a level 2 spell: Wereblood
 14026 | D:10     | Learned a level 2 spell: Sublimation of Blood
 14032 | D:10     | Learned a level 5 spell: Yara's Violent Unravelling
 14158 | D:11     | Found a staircase to the Orcish Mines.
 14333 | D:11     | Learned a level 5 spell: Borgnjor's Vile Clutch
 14418 | D:11     | Reached skill level 1 in Armour
 14422 | D:11     | Reached skill level 1 in Necromancy
 14443 | D:11     | Reached XP level 12. HP: 19/77 MP: 26/26
 16179 | D:12     | Noticed a seven-headed hydra
 17493 | Lair:2   | Identified a scroll of acquirement
 17502 | Lair:2   | Acquired 616 gold pieces
 18397 | Lair:2   | Reached XP level 13. HP: 74/84 MP: 27/27
 18592 | Lair:2   | Noticed Nergalle
 18949 | Lair:2   | HP: 1/70 [spectral orc knight/+3 dire flail of
                  | protection[Nergalle] (4)]
 18950 | Lair:2   | Slain by a spectral orc

Illustrated notes

Levels and vault maps discovered:
D:1:      minmay_arrival_hallway, layout_loops_ring, serial_shops,
          nicolae_shop_bloodbath_and_beyond, shapermc_ecumenical_altar_pompeii
D:2:      minmay_alternating_diamond, layout_rooms, serial_shops,
          nicolae_lakefront_shop
D:3:      layout_basic, lemuel_round_altar, mainiacjoe_overflow_large_starburst,
          nicolae_concentric_dashed_squares_mild
D:4:      nicolae_cairo_tiling, layout_basic, minmay_temple_entry_butterflies,
          serial_shops, shop_fountains, serial_park_tiny_1
D:5:      layout_layer_cave, hangedman_decor_riveting, minivault_24,
          minmay_shop_mass, nrook_uturn, kennysheep_generic_room_6
D:6:      layout_gridville
D:7:      layout_layer_cave, mainiacjoe_overflow_cross_hatched,
          kennysheep_mini_moat, kennysheep_generic_room_14
D:8:      layout_loops_ring, mainiacjoe_overflow_paths,
          fedhas_altar_decomposition, nicolae_ru_path_of_blood, uniq_maurice
D:9:      layout_stronghold
D:10:     layout_long_grid, erik_lair_dragon, grunt_ministairs_6
D:11:     layout_loops_ring, minmay_orc_entry_guard_dogs
D:12:     layout_loops_ring, minmay_mirror_moons_of_madness
Temple:   eino_narrow_crystal_temple
Lair:1:   layout_loops_ring
Lair:2:   layout_chaotic_city, st_stairs_11, uniq_nergalle

Skill      XL: |  1  2  3  4  5  6  7  8  9 10 11 12 |
---------------+-------------------------------------+-----
Spellcasting   | 1 2 3 4 5 6 |  6.6
Dodging        | 2 3 4 5 6 7 |  7.8
Fighting       | 3 4 5 6 7 8 |  8.6
Stealth        | 5 6 7 8 |  8.7
Shields        | 1 3 4 |  4.0
Air Magic      | 1 4 5 6 |  6.7
Polearms       | 1 3 4 5 7 |  7.3
Fire Magic     | 1 3 4 5 |  5.4
Conjurations   | 1 3 |  3.2
Transmutations | 2 4 |  4.2
Ice Magic      | 2 |  2.0
Poison Magic   | 2 |  2.4
Earth Magic    | 1 3 |  3.7
Hexes          | 1 |  1.9
Armour         | 1 4 |  4.6
Necromancy     | 1 4 |  4.7
Short Blades   | |  2.1
Throwing       | |  2.0
Translocations | |  0.2

Action                   |  1- 3 |  4- 6 |  7- 9 | 10-12 | 13-15 || total
-------------------------+-------+-------+-------+-------+-------++-------
Melee: Dagger            |    88 |    45 |       |       |       ||   133
       Kick              |    15 |    18 |    58 |   215 |    14 ||   320
       Peck              |    11 |    17 |    45 |   136 |     4 ||   213
       Trident           |       |    58 |   243 |   487 |     8 ||   796
       Short sword       |       |       |       |   162 |    19 ||   181
Throw: Dart              |       |       |       |    65 |     4 ||    69
Invok: Curse Item        |       |       |     1 |     3 |       ||     4
Evoke: Wand              |       |     1 |       |     8 |     2 ||    11
       Condenser vane    |       |       |       |       |     1 ||     1
  Use: Scroll            |       |       |     2 |     5 |     2 ||     9
       Potion            |       |       |     1 |     4 |     1 ||     6
 Stab: Sleeping          |    12 |     2 |    15 |     9 |       ||    38
       Distracted        |       |     1 |       |     2 |       ||     3
       Paralysed         |       |       |       |     8 |       ||     8
Armor: Robe              |    20 |     6 |       |       |       ||    26
       Ring mail         |       |       |    55 |   111 |    11 ||   177
Dodge: Dodged            |    52 |    87 |   254 |   464 |    45 ||   902
Block: Buckler           |       |    11 |    78 |   163 |    19 ||   271

Table legend: (Time is in decaauts)
 A = Elapsed time spent in this place.
 B = Non-inter-level travel time spent in this place.
 C = Inter-level travel time spent in this place.
 D = Time resting spent in this place.
 E = Time spent auto-exploring this place.
 F = Levels seen in this place.
 G = Mean time per level.
                   A        B        C        D        E       F      G
               +--------+--------+--------+--------+--------+-----+--------+
         Total |  18051 |  17419 |    632 |   4280 |   8898 |  15 | 1203.4 |
       Dungeon |  15114 |  14589 |    525 |   3309 |   7768 |  12 | 1259.5 |
        Temple |     96 |     83 |     13 |      0 |     72 |   1 |   96.0 |
          Lair |   2840 |   2747 |     93 |    971 |   1057 |   2 | 1420.0 |
               +--------+--------+--------+--------+--------+-----+--------+

Top non-repeatable levels by time:
    D:10: 2290 daAuts
  Lair:1: 1792 daAuts
     D:5: 1633 daAuts
    D:11: 1528 daAuts
     D:8: 1402 daAuts
     D:6: 1331 daAuts
     D:7: 1240 daAuts
     D:9: 1229 daAuts
     D:1: 1190 daAuts
  Lair:2: 1048 daAuts
     D:4: 1042 daAuts
     D:2: 927 daAuts
     D:3: 810 daAuts
    D:12: 488 daAuts
  Temple: 96 daAuts
